 Dungeon Crawl Stone Soup version 0.20-a0-463-g5747544 (webtiles) character file.

46 Queen the Insei (level 3, -11/28 HPs)
             Began as a Draconian Transmuter on Jan 11, 2017.
             Mangled by Crazy Yiuf
             ... wielding a +4 quarterstaff of chaos
              (15 damage)
             ... on level 2 of the Dungeon.
             The game lasted 00:03:04 (1414 turns).

Queen the Insei (Draconian Transmuter)              Turns: 1414, Time: 00:03:06

Health: -11/28     AC:  5    Str: 12    XL:     3   Next: 44%
Magic:  6/6        EV: 12    Int: 13    God:
Gold:   113        SH:  0    Dex: 12    Spells: 5/6 levels left

rFire  . . .     SeeInvis .       - Unarmed
rCold  . . .     Gourm    .     (armour unavailable)
rNeg   . . .     Faith    .     (no shield)
rPois  .         Spirit   .     (helmet restricted)
rElec  .         Reflect  .     (no cloak)
rCorr  .         Harm     .     (no gloves)
MR     .....                    (no boots)
Stlth  +.........               (no amulet)
                                (no ring)
                                (no ring)

@: confused, lethally poisoned (-11 -> -33), appendage, drained
A: unfitting armour, horns 2, cold-blooded, AC +5
a: End Transformation


You were on level 2 of the Dungeon.
You were hungry.
You had grown temporary horns.
You visited 1 branch of the dungeon, and saw 2 of its levels.

You collected 113 gold pieces.

Inventory:

Missiles
 a - 34 arrows
Scrolls
 d - a scroll of remove curse {unknown}
 i - a scroll of teleportation {unknown}
 n - a scroll of identify {unknown}
Potions
 g - a potion of lignification {unknown}
 k - a potion of might {unknown}
 l - a potion of heal wounds {unknown}
 m - a potion of berserk rage {unknown}
Books
 b - a book of Changes

   Spells                             Type                      Level
   a - Beastly Appendage              Transmutation                1
   b - Sticks to Snakes               Transmutation                2
   c - Spider Form                    Transmutation/Poison         3
   d - Ice Form                       Ice/Transmutation            4
   e - Blade Hands                    Transmutation                5
Comestibles
 c - 2 bread rations
 f - 3 fruits
 h - a meat ration
 j - a beef jerky


   Skills:
 - Level 1.1(0.8) Fighting
 - Level 1.7(1.5) Dodging
 * Level 4.5(4.2) Unarmed Combat
 - Level 2.0(1.7) Spellcasting
 - Level 2.0(1.7) Transmutations


You had 5 spell levels left.
You knew the following spells:

 Your Spells              Type           Power        Failure   Level  Hunger
a - Beastly Appendage     Tmut           #.....       14%         1    ##.....


Dungeon Overview and Level Annotations

Branches:
Dungeon (2/15)

Altars:
Trog

Annotations:
D:2 Crazy Yiuf


Innate Abilities, Weirdness & Mutations

Your plain brown scales are hard. (AC +5)
You cannot fit into any form of body armour.
You are cold-blooded and may be slowed by cold attacks.
You have a pair of horns on your head.


Message History

You hit Crazy Yiuf. Your headbutt misses Crazy Yiuf.
Crazy Yiuf is heavily wounded.
* * * LOW HITPOINT WARNING * * *
You feel sick. Crazy Yiuf misses you.
You barely miss Crazy Yiuf.
You headbutt Crazy Yiuf, but do no damage.
Your tail-slap misses Crazy Yiuf.
Crazy Yiuf is heavily wounded.
* * * LOW HITPOINT WARNING * * *
You feel sick.
Crazy Yiuf hits you with a quarterstaff of chaos.
* * * LOW HITPOINT WARNING * * *
It was a potion of ambrosia.
You are confused.
You feel invigorated.
* * * LOW HITPOINT WARNING * * *
You feel sick.
Crazy Yiuf hits you with a quarterstaff of chaos!
Ouch! That really hurt!
You die...

# #.....# ♣....♣ #
#.##### ♣...♣♣ ## #.#
♣♣.♣♣ .# #.# ♣.♣♣ .#
#.# ♣♣.♣ .## #.# ♣.♣♣
..# #.# ♣♣.♣
#.####.##### ##'##
...........# #.@.#
#.####.##### #.g.# #.#
#.#...# #..)# #.##
#.#.### ##### #..#
#.#.#.# ##.###.#.#.##
### ###
...(.#.#.#..###.####.#
.....#.#.#...........#
.....#.#.#...##.######


You could see Crazy Yiuf.

Vanquished Creatures
  An adder (D:2)
  An ooze (D:1)
  A worm (D:2)
  2 dart slugs (D:1)
  A giant cockroach (D:2)
  5 goblins
  2 hobgoblins
  4 kobolds
  4 bats
  A frilled lizard (D:2)
  7 rats
29 creatures vanquished.

Notes
Turn   | Place    | Note
-------+----------+-------------------------------------------
     0 | D:1      | Queen the Draconian Transmuter began the quest for the Orb.
     0 | D:1      | Reached XP level 1. HP: 16/16 MP: 3/3
   204 | D:1      | Reached XP level 2. HP: 21/23 MP: 3/5
   700 | D:1      | Reached skill level 4 in Unarmed Combat
   941 | D:2      | Reached XP level 3. HP: 24/28 MP: 6/6
  1150 | D:2      | Found a bloodstained altar of Trog.
  1398 | D:2      | Found a runed door.
  1402 | D:2      | Noticed Crazy Yiuf
  1413 | D:2      | HP: 1/28 [Crazy Yiuf/quarterstaff of chaos (5)]
  1414 | D:2      | Mangled by Crazy Yiuf

Vault maps used:
D:1:      dpeg_arrival_boxes_within_box
D:2:      lightli_temple_of_fire, uniq_crazy_yiuf_cottage

Skill      XL: |  1  2 |
---------------+-------+-----
Unarmed Combat | 4 |  4.5
Fighting       | |  1.1
Dodging        | |  1.7
Spellcasting   | |  2.0
Transmutations | |  2.0

Action                   || total
-------------------------++-------
Melee: Unarmed           ||   106
       Tailslap          ||     7
       Headbutt          ||     3
 Cast: Beastly Appendage ||     2
  Use: Potion            ||     1
  Eat: Chunk             ||     1
Armor: Skin              ||    24
Dodge: Dodged            ||    64
